 Dungeon Crawl Stone Soup version 0.11.3 (webtiles) character file.

1706 CodaKJazz the Changer (level 8, -3/52 HPs)
             Began as a Sludge Elf Stalker on May 31, 2023.
             Was an Initiate of Nemelex Xobeh.
             Killed from afar by an electric eel (13 damage)
             ... with a bolt of electricity
             ... on Level 1 of the Lair of Beasts on June 3, 2023.
             The game lasted 01:40:28 (9674 turns).

CodaKJazz the Changer (Sludge Elf Stalker)          Turns: 9674, Time: 01:40:28

HP  -3/52        AC  4     Str 11      XL: 8   Next: 65%
MP  16/16        EV 13     Int 14      God: Nemelex Xobeh [......]
Gold 325         SH  0     Dex 17      Spells:  4 memorised,  2 levels left

Res.Fire  : . . .   See Invis. : .   a - +2 elf dagger {=f}
Res.Cold  : . . .   Warding    : .   R - +0 elf leather armour
Life Prot.: . . .   Conserve   : .   (no shield)
Res.Poison: +       Res.Corr.  : .   (no helmet)
Res.Elec. : .       Clarity    : .   c - +0 elf cloak
Sust.Abil.: . .     Spirit.Shd : .   (no gloves)
Res.Mut.  : .       Stasis     : .   (no boots)
Res.Rott. : .       Ctrl.Telep.: .   (no amulet)
Saprovore : . . .   Levitation : .   K - ring of poison resistance Ctrl.Flight: .
                                     M - ring of protection from magic

@: quite resistant to hostile enchantments, quite stealthy
A: no striking features
a: Renounce Religion


You were on level 1 of the Lair of Beasts.
You worshipped Nemelex Xobeh.
Nemelex Xobeh was noncommittal.
You were not hungry.

You visited 3 branches of the dungeon, and saw 10 of its levels.
You also visited: Sewer.

You collected 305 gold pieces.

Inventory:

Hand weapons
 a - a +2,+2 elven dagger (weapon) {=f}
 b - a +0,+0 sling
 r - a cursed -3,-1 short sword
 I - a cursed -2,-3 whip
 U - the cursed +4,-3 mace "Diter" {unknown, antimagic, +Rage +Lev rElec rPois rC+}
   (You found it on level 5 of the Dungeon)

   It disrupts the flow of magical energy around spellcasters and certain
   magical creatures (including the wielder).
   It protects you from cold.
   It insulates you from electricity.
   It protects you from poison.
   It lets you levitate.
   It lets you go berserk.
   It has a curse placed upon it.
Missiles
 g - 11 arrows of frost
 h - 96 stones
 u - 17 poisoned needles
 x - 69 darts (quivered)
 H - 2 needles of sickness
 Q - 7 sling bullets
Armour
 c - a +0 elven cloak (worn)
 R - a +0 elven leather armour (worn)
Magical devices
 n - a wand of teleportation (4)
 C - a wand of magic darts (4)
 L - a wand of enslavement (9)
Comestibles
 f - 4 bread rations
 X - a rotting chunk of worker ant flesh
Scrolls
 l - 3 scrolls of curse armour {!r, unknown}
 o - a scroll of fear {!r, unknown}
 q - a scroll of fog {!r, unknown}
 s - a scroll of noise {!r, unknown}
 t - 2 scrolls of teleportation {!r}
 w - 2 scrolls of enchant weapon II {!r, unknown}
 y - a scroll of amnesia {!r, unknown}
 B - 4 scrolls of blinking {!r, unknown}
 J - a scroll of magic mapping {!r, unknown}
 N - a scroll of random uselessness {!r, unknown}
 T - a scroll of curse jewellery {!r, unknown}
 W - 2 scrolls of enchant armour {!r, unknown}
 Y - a scroll of remove curse {!r, unknown}
Jewellery
 v - an uncursed ring of levitation
 K - a ring of poison resistance (right hand)
 M - a ring of protection from magic (left hand)
 P - an uncursed ring of wizardry {unknown}
 S - an uncursed ring of sustain abilities
Potions
 i - a potion of cure mutation {!q, unknown}
 j - 2 potions of levitation {!q, unknown}
 k - a potion of poison {!q}
 m - 2 potions of water {!q}
 p - a potion of magic {!q, unknown}
 A - a potion of resistance {!q, unknown}
 E - a potion of paralysis {!q, unknown}
 F - 3 potions of brilliance {!q}
 G - 2 potions of might {!q}
 O - 3 potions of heal wounds {!q, unknown}
 V - a potion of confusion {!q}
Books
 d - a book of Stalking

   Spells                             Type                      Level
   *Fulsome Distillation              Transmutation/Necromancy     1
   *Evaporate                         Fire/Transmutation           2
   *Passwall                          Transmutation/Earth          3
   *Petrify                           Transmutation/Earth          4
   Dig                                Transmutation/Earth          4
 D - a book of the Earth

   Spells                             Type                      Level
   Dig                                Transmutation/Earth          4
   Leda's Liquefaction                Transmutation/Earth          4
   Bolt of Magma                      Conjuration/Fire/Earth       5
   Statue Form                        Transmutation/Earth          6
   Iron Shot                          Conjuration/Earth            6
   Shatter                            Earth                        9
Miscellaneous
 e - a plain deck of wonders {god gift}


   Skills:
 + Level 4.8 Fighting
 - Level 1.0 Short Blades
 - Level 3.6 Slings
 - Level 2.3 Throwing
 - Level 3.5 Dodging
 - Level 4.0 Stealth
 - Level 2.0 Stabbing
 - Level 2.5 Spellcasting
 + Level 5.3 Transmutations
 - Level 2.0 Fire Magic
 + Level 5.2 Earth Magic
 - Level 1.1 Evocations


You had 2 spell levels left.
You knew the following spells:

 Your Spells              Type           Power        Failure   Level  Hunger
a - Fulsome Distillation  Trmt/Necr      N/A          10%         1    #......
b - Evaporate             Fire/Trmt      ###....      10%         2    ##.....
c - Passwall              Trmt/Erth      ####......   10%         3    ####...
d - Petrify               Trmt/Erth      ####.....    30%         4    #####..


Dungeon Overview and Level Annotations

Branches:
Dungeon (8/27)             Temple (1/1) D:7            Lair (1/8) D:8
    Orc: D:6-11

Altars:
Ashenzari
Cheibriados
Fedhas
Makhleb
Nemelex Xobeh
Zin

Annotations
D:1 exclusion: downstairs
D:5 exclusions: centaur and upstairs


Message History

w - Wait here. f - Follow me.
Anything else - Stay silent (and be thought a fool).
Okely-dokely.
An electric eel comes into view.
Found 18 gold pieces.
Drink which item? (? for menu, Esc to quit)
Okay, then.
Read which item? (? for menu, Esc to quit)
Okay, then.
Drink which item? (? for menu, Esc to quit)
Really quaff
z - a potion of curing {!q}?
You feel better.
The electric eel shoots out a bolt of electricity!
The bolt of electricity hits you!
* * * LOW HITPOINT WARNING * * *
There is a staircase back to the Dungeon here.
The electric eel shoots out a bolt of electricity!
The bolt of electricity hits you!
You die...
Your body disappears without a glow.

≈≈≈≈≈≈
...≈≈≈≈≈≈{.$
...≈≈≈≈≈≈≈≈..#
......≈≈≈≈≈≈...#
......≈≈≈≈;≈≈..##
......≈≈;≈≈≈....#
>..............#
......?.........##
........@.......P#
≈≈≈≈............##
≈≈≈............##
≈≈≈.............#
≈≈≈≈≈...........#
≈≈≈≈≈≈........##
≈≈≈..........#
≈...........#
...........#


You could see an electric eel and a friendly electric eel.

Vanquished Creatures
  An orc warrior (D:6)
  An ogre (D:6)
  A black bear (D:5)
  2 centaurs
  A water moccasin (Lair:1)
  3 giant frogs
  2 crimson imps
  2 orc priests (D:8)
  A hound zombie (D:8)
  2 quasits
  2 big fish
  2 hounds (D:8)
  An orc wizard (D:8)
  A hound skeleton (D:7)
  3 worker ants
  A jelly (D:7)
  9 adders
  A giant mite (D:7)
  An inept feature mimic (D:5)
  An adder skeleton (D:5)
  An inept item mimic (D:8)
  3 worms
  A giant eyeball (D:8)
  2 giant geckos
  An ooze (D:2)
  20 orcs
  5 ball pythons
  8 bats
  5 giant cockroaches
  12 hobgoblins
  21 jackals
  3 quokkas
  5 giant newts
  9 goblins
  2 hobgoblin skeletons (D:5)
  14 kobolds
  A quokka zombie (D:8)
  13 rats
  A plant (Sewer)
165 creatures vanquished.

Vanquished Creatures (collateral kills)
  A goliath beetle zombie (D:6)
1 creature vanquished.

Vanquished Creatures (others)
  A giant newt (D:1)
  2 kobolds (D:3)
  An orc skeleton (D:7)
  2 rats
  A plant (Sewer)
  4 toadstools
11 creatures vanquished.

Grand Total: 177 creatures vanquished

Notes
Turn   | Place    | Note
--------------------------------------------------------------
     0 | D:1      | CodaKJazz, the Sludge Elf Stalker, began the quest for the Orb.
     0 | D:1      | Reached XP level 1. HP: 13/13 MP: 1/1
   663 | D:1      | Reached XP level 2. HP: 18/18 MP: 3/3
   779 | D:1      | Learned a level 2 spell: Evaporate
  1215 | D:1      | Reached skill level 1 in Throwing
  1416 | D:2      | Reached skill level 1 in Fire Magic
  1464 | D:2      | Reached XP level 3. HP: 23/23 MP: 4/4
  1515 | D:2      | Reached skill level 3 in Transmutations
  1999 | D:2      | You fall through a shaft!
  2139 | D:3      | Reached XP level 4. HP: 29/29 MP: 4/6
  2740 | D:3      | Reached skill level 1 in Slings
  3034 | D:3      | Found a glowing drain.
  3072 | D:3      | Reached XP level 5. HP: 19/35 MP: 5/8
  3095 | Sewer    | Entered a sewer
  3254 | Sewer    | Reached skill level 1 in Short Blades
  4600 | D:4      | Reached XP level 6. HP: 40/40 MP: 10/10
  4635 | D:5      | Entered Level 5 of the Dungeon
  5056 | D:5      | Learned a level 3 spell: Passwall
  5105 | D:5      | Reached skill level 1 in Earth Magic
  5198 | D:5      | Got an ebony mace
  5527 | D:5      | Found a blossoming altar of Fedhas.
  5541 | D:5      | Reached skill level 4 in Fighting
  5837 | D:6      | Reached XP level 7. HP: 45/45 MP: 11/11
  6161 | D:7      | Found a staircase to the Ecumenical Temple.
  6170 | Temple   | Entered the Ecumenical Temple
  6174 | Temple   | Became a worshipper of Nemelex Xobeh
  6295 | D:6      | Received a gift from Nemelex Xobeh
  6817 | D:8      | Reached skill level 1 in Evocations
  7058 | D:8      | Reached XP level 8. HP: 24/52 MP: 13/16
  7614 | D:6      | Found a shattered altar of Ashenzari.
  7873 | D:6      | Found a blossoming altar of Fedhas.
  7918 | D:6      | Learned a level 4 spell: Petrify
  9396 | D:8      | Reached skill level 5 in Transmutations
  9396 | D:8      | Reached skill level 5 in Earth Magic
  9586 | D:8      | Found a staircase to the Lair.
  9652 | Lair:1   | Entered Level 1 of the Lair of Beasts
  9674 | Lair:1   | Killed from afar by an electric eel
